 Dungeon Crawl Stone Soup version 0.31-a0-691-g409c26aa35 (webtiles) character file.

Game seed: 12619304467549947239

2405 cforsyth the Fighter (level 9, -6/71 HPs)
             Began as a Djinni Chaos Knight on Sept 6, 2023.
             Was a Plaything of Xom.
             Killed by miscasting Summon Ice Beast (15 damage)
             ... on level 7 of the Dungeon.
             The game lasted 00:16:26 (8544 turns).

cforsyth the Fighter (Djinni Chaos Knight)          Turns: 8544, Time: 00:16:26

Health: -6/71      AC:  5    Str: 20      XL:     9   Next: 75%
Gold:   359        EV: 17    Int: 20      God:    Xom [*.....] SH:  0 Dex:  9 (10)

rFire   + + .        s - +2 morningstar
rCold   x . .        (no shield)
rNeg    . . .        b - +2 leather armour
rPois   ∞            (no helmet)
rElec   .            l - +0 cloak
rCorr   .            (no gloves)
SInv    .            (boots unavailable)
Will    +....        (no amulet)
Stlth   +            e - +5 ring of evasion
HPRegen 0.31/turn    p - +6 ring of strength
MPRegen 0.00/turn

%: infuse magic (-7 HP)
@: flying, very slightly contaminated
A: sickness immunity, fire resistance 2, cold vulnerability 1, float, innate
caster, HP casting, extra vitality 1, clever 1, clumsy 1, deformed body,
strong-willed 1, strong 1, wild magic 1, inability to read after injury 1
a: Renounce Religion


You were on level 7 of the Dungeon.
You worshipped Xom.
You were a special plaything of Xom.
You visited 1 branch of the dungeon, and saw 7 of its levels.

You collected 359 gold pieces.

Inventory:

Hand Weapons
 a - a +0 falchion of chaos
 k - a +2 dagger of draining
 s - a +2 morningstar (weapon)
 v - the +3 sling "Jysexa" {flame, Str+2}
   (You took it off an orc on level 5 of the Dungeon)

   Str+2:     It affects your strength (+2).
 z - the +5 orcbow "Ynups" {freeze, Int-2 Dex+7}
   (You found it on level 7 of the Dungeon)

   Int-2:     It affects your intelligence (-2).
   Dex+7:     It affects your dexterity (+7).
Armour
 b - a +2 leather armour (worn)
 l - a +0 cloak (worn)
 C - a +0 buckler
Jewellery
 c - a +5 ring of evasion
 e - a +5 ring of evasion (left hand)
 g - a ring of protection from fire
 m - an amulet of regeneration
 p - a +6 ring of strength (right hand)
Wands
 f - a wand of charming (9)
 y - a wand of polymorph (4)
Scrolls
 d - a scroll of teleportation
 h - a scroll of amnesia {unknown}
 j - a scroll of fear {unknown}
 o - a scroll of enchant weapon {unknown}
 r - a scroll of revelation {unknown}
 t - a scroll of poison {unknown}
 u - 2 scrolls of brand weapon {unknown}
 x - a scroll of identify {unknown}
 B - 2 scrolls of fog {unknown}
Potions
 i - 2 potions of curing
 n - a potion of mutation
 q - a potion of lignification {unknown}
 w - a potion of attraction {unknown}
 A - a potion of might {unknown}


   Skills:
 + Level 8.6 Fighting
 - Level 4.1 Long Blades
 - Level 3.5 Armour
 - Level 4.3 Dodging
 + Level 5.2 Spellcasting
 + Level 5.2 Conjurations
 + Level 5.2 Hexes
 + Level 5.2 Summonings
 + Level 5.2 Necromancy
 + Level 5.2 Translocations
 + Level 5.2 Transmutations
 + Level 5.2 Fire Magic
 + Level 5.2 Ice Magic
 + Level 5.2 Air Magic
 + Level 5.2 Earth Magic
 + Level 5.2 Poison Magic


You knew the following spells:

 Your Spells              Type           Power      Damage    Failure   Level
a - Sting                 Tmut/Pois      100%       1d8       3%          1
b - Poisonous Vapours     Pois/Air       66%        N/A       4%          2
c - Call Imp              Summ           66%        N/A       4%          2
d - Summon Ice Beast      Ice/Summ       33%        N/A       22%         4
Your spell library was empty.

Dungeon Overview and Level Annotations

Branches:
Dungeon (7/15)             Temple (0/1) D:4

Altars:
Cheibriados
Fedhas
Hepliaklqana
Trog
Xom

Portals:
Abyss: D:3

Annotations:
D:3 2 transporters, ragingrage's ghost, amateur GnAr
D:7 Pikel


Innate Abilities, Weirdness & Mutations

You are immune to sickness and miasma.
You are immune to poison.
Your flesh is very heat resistant. (rF++)
You are vulnerable to cold. (rC-)
You float through the air rather than walking.
You learn spells naturally, not from books.
Your magical power is your life essence.
You have superior vitality. (+4 MHP)
Your mind is acute. (Int +4, Str/Dex -1)
You are clumsy. (Dex -2)
Armour fits poorly on your strangely shaped body.
You are strong-willed. (Will+)
Your muscles are strong. (Str +4, Int/Dex -1)
Your spells are a little harder to cast, but a little more powerful.
You occasionally lose the ability to read scrolls when taking damage.


Message History

You are too injured to fight recklessly!
You are too injured to fight recklessly!
You are too injured to fight recklessly!
You barely miss the wyvern.
The wyvern is moderately wounded.
The wyvern misses you. The wyvern bites you.
Your cerulean imp barely misses the wyvern.
You barely miss the wyvern.
The wyvern is moderately wounded.
The wyvern misses you.
Your cerulean imp hits the wyvern but does no damage.
The wyvern misses you.
Your cerulean imp hits the wyvern but does no damage.
Casting: Call Imp (safe; 4% risk of failure)
Confirm with . or Enter, or press ? or * to list all spells.
A chill wind blows around you. The wyvern bites you!
* * * LOW HITPOINT WARNING * * *
The wyvern barely misses you.
Your cerulean imp closely misses the wyvern.
You swap places.
The wyvern bites your ice beast!
Your ice beast hits the wyvern.
Your ice beast freezes the wyvern!
Your cerulean imp barely misses the wyvern.
You are too injured to fight recklessly!
The wyvern bites your ice beast! x2
Your ice beast dies!
Your ice beast disappears in a puff of smoke!
Your cerulean imp hits the wyvern from afar with a -1 spear.
Your cerulean imp hits the wyvern with a -1 spear.
The wyvern bites your cerulean imp.
The wyvern barely misses your cerulean imp.
Your cerulean imp hits the wyvern but does no damage.
There is a stone staircase leading up here.
Casting: Summon Ice Beast (dangerous; 22% risk of failure)
Confirm with . or Enter, or press ? or * to list all spells.
You miscast Summon Ice Beast.
You are very lightly contaminated with residual magic.
You are covered in a thin layer of ice!
You feel a terrible chill!
Xom thinks this is hilarious!
You die...
Xom guffaws!

##...........#....#
.+.........#....#
#####.###.###...#
###.###.###...#######
..............#.....##
..........>...+......#
.##..##..##..##....[.#
#.. #####..# .....# #.
+...)@.##.....## .
#........l...... ##
#.<##....5......
####....#.....##
#....####### ###
####.# ..+ ### ..##
...#


You could see a wyvern (distracted, ally target) and a friendly cerulean imp
(summoned).

Vanquished Creatures
  An orc warrior (D:6)
  2 ice beasts
  An ogre (D:5)
  A gnoll sergeant (D:5)
  2 scorpions
  2 bullfrogs
  7 wights
  A hound (D:4)
  2 jellies (D:6)
  Crazy Yiuf (D:3)
  4 orc priests
  3 orc wizards
  3 sleepcaps
  A gnoll bouda (D:6)
  Ijyb (D:3)
  5 iguanas
  Natasha (twice) (D:2)
  16 gnolls
  6 adders
  A shadow imp (D:7)
  A white imp (D:6)
  An ufetubus (D:4)
  A worm (D:3)
  3 dart slugs
  7 orcs
  5 ball pythons
  4 bats
  11 endoplasms
  4 giant cockroaches
  13 goblins
  5 hobgoblins
  A jackal (D:4)
  5 kobolds
  4 quokkas
  A frilled lizard (D:3)
  3 rats (D:1)
131 creatures vanquished.

Vanquished Creatures (collateral kills)
  An ice beast (D:7)
  A sky beast (D:6)
  A centaur (D:5)
  2 wights (D:5)
  Natasha (D:2)
  An orc wizard (D:5)
  An adder (D:2)
  2 orcs (D:5)
  A jackal (D:4)
11 creatures vanquished.

Grand Total: 142 creatures vanquished

Notes
Turn   | Place    | Note
-------+----------+-------------------------------------------
     0 | D:1      | cforsyth the Djinni Chaos Knight began the quest for the
                  | Orb.
     0 | D:1      | Reached XP level 1. HP: 20/20 MP: 0/0
    36 | D:1      | XOM: potion effect (haste)
   137 | D:1      | XOM: smoke on damage
   158 | D:1      | Reached XP level 2. HP: 15/25 MP: 0/0
   423 | D:1      | Reached XP level 3. HP: 30/30 MP: 0/0
   423 | D:1      | Learned a level 1 spell: Sting
   833 | D:2      | Noticed Natasha
   844 | D:2      | XOM: potion effect (haste)
   845 | D:2      | XOM: potion effect (invisibility)
   859 | D:1      | Reached XP level 4. HP: 18/35 MP: 0/0
   947 | D:2      | Killed Natasha
   979 | D:2      | Noticed Natasha
   990 | D:2      | Killed Natasha
   991 | D:2      | Reached XP level 5. HP: 5/41 MP: 0/0
   991 | D:2      | Learned a level 2 spell: Poisonous Vapours
   991 | D:2      | HP: 2/41 [goblin/+2 dagger of draining (4)]
  1320 | D:2      | Noticed Natasha
  1320 | D:2      | XOM: 9-stop teleportation journey
  1323 | D:2      | XOM: enchant monster (good)
  1328 | D:2      | XOM: summons 3 friendly demons
  1334 | D:2      | Killed Natasha
  2046 | D:3      | Found a transporter.
  2055 | D:3      | Noticed ragingrage's ghost (amateur GnAr)
  2082 | D:3      | Found a transporter.
  2086 | D:3      | Found a one-way gate to the infinite horrors of the Abyss.
  2114 | D:3      | Noticed Ijyb
  2123 | D:3      | Gained mutation: Your spells are a little harder to cast,
                  | but a little more powerful. [potion of mutation]
  2140 | D:3      | XOM: fog
  2147 | D:3      | XOM: summons friendly crimson imp
  2166 | D:3      | XOM: enchant monster (good)
  2177 | D:3      | Killed Ijyb
  2178 | D:3      | Reached skill level 4 in Fighting
  2178 | D:3      | Reached XP level 6. HP: 23/47 MP: 0/0
  2183 | D:3      | XOM: confuse monster(s)
  2306 | D:3      | XOM: cloud trail
  2514 | D:3      | XOM: give mutation
  2514 | D:3      | Gained mutation: Your muscles are strong. (Str +4, Int/Dex
                  | -1) [Xom's grace]
  2620 | D:3      | XOM: god gift: 19 gold pieces
  2631 | D:3      | XOM: god gift: 5 atropa-tipped darts
  2652 | D:3      | XOM: give mutation
  2652 | D:3      | Gained mutation: Your muscles are very strong. (Str +8,
                  | Int/Dex -2) [Xom's grace]
  2670 | D:3      | Found a runed translucent door.
  2671 | D:3      | Noticed Crazy Yiuf
  2679 | D:3      | Killed Crazy Yiuf
  2914 | D:4      | Found a staircase to the Ecumenical Temple.
  2986 | D:4      | Reached XP level 7. HP: 39/53 MP: 0/0
  2986 | D:4      | Learned a level 2 spell: Call Imp
  3043 | D:4      | XOM: summons 4 hostile demons
  3051 | D:4      | Found a snail-covered altar of Cheibriados.
  3649 | D:4      | XOM: give mutations
  3649 | D:4      | Gained mutation: You occasionally lose the ability to read
                  | scrolls when taking damage. [Xom's mischief]
  3649 | D:4      | Gained mutation: Your mind is acute. (Int +4, Str/Dex -1)
                  | [Xom's mischief]
  3649 | D:4      | Gained mutation: Armour fits poorly on your strangely
                  | shaped body. [Xom's mischief]
  3705 | D:5      | Entered Level 5 of the Dungeon
  3709 | D:5      | XOM: enchant monster (good)
  3751 | D:5      | XOM: scenery: create altars
  3751 | D:5      | XOM: smoke on damage
  3905 | D:5      | XOM: noise
  3906 | D:5      | XOM: cast spell 'Chain of Chaos'
  3924 | D:4      | Reached skill level 1 in Spellcasting
  3924 | D:4      | Reached skill level 1 in Conjurations
  3924 | D:4      | Reached skill level 1 in Hexes
  3924 | D:4      | Reached skill level 1 in Summonings
  3924 | D:4      | Reached skill level 1 in Necromancy
  3924 | D:4      | Reached skill level 1 in Translocations
  3924 | D:4      | Reached skill level 1 in Transmutations
  3924 | D:4      | Reached skill level 1 in Fire Magic
  3924 | D:4      | Reached skill level 1 in Ice Magic
  3924 | D:4      | Reached skill level 1 in Air Magic
  3924 | D:4      | Reached skill level 1 in Earth Magic
  3924 | D:4      | Reached skill level 1 in Poison Magic
  4047 | D:5      | Identified the +3 sling "Jysexa" {flame, Str+2}
  4063 | D:4      | Reached skill level 5 in Fighting
  4177 | D:4      | XOM: give mutation
  4177 | D:4      | Gained mutation: You are agile. (Dex +4, Str/Int -1) [Xom's
                  | grace]
  4227 | D:4      | XOM: give mutation
  4227 | D:4      | Gained mutation: You are strong-willed. (Will+) [Xom's
                  | grace]
  4291 | D:5      | XOM: scenery: summon butterflies
  4501 | D:5      | Reached XP level 8. HP: 27/60 MP: 0/0
  4546 | D:5      | Found a blossoming altar of Fedhas.
  4546 | D:5      | XOM: 3-stop teleportation journey
  4601 | D:5      | Reached skill level 6 in Fighting
  5001 | D:5      | XOM: cast spell 'Death Channel'
  5004 | D:5      | XOM: smoke on damage
  5086 | D:4      | XOM: scenery: summon butterflies
  5384 | D:5      | XOM: give mutations
  5384 | D:5      | Gained mutation: You possess an exceptional clarity of
                  | mind. [Xom's mischief]
  5384 | D:5      | Lost mutation: You possess an exceptional clarity of mind.
                  | [Xom's mischief]
  5613 | D:5      | Found a shimmering altar of Xom.
  5614 | D:5      | Found a shimmering altar of Xom.
  5857 | D:5      | Found a blossoming altar of Fedhas.
  6206 | D:6      | Reached skill level 7 in Fighting
  6375 | D:6      | Reached XP level 9. HP: 49/68 MP: 0/0
  6375 | D:6      | Learned a level 4 spell: Summon Ice Beast
  6597 | D:6      | XOM: cloud trail
  6618 | D:6      | Found a large runed translucent door.
  6619 | D:6      | Found a large runed translucent door.
  6632 | D:6      | XOM: polymorph scorpion -> sky beast
  7257 | D:6      | Found a hazy altar of Hepliaklqana.
  7531 | D:6      | Reached skill level 8 in Fighting
  7665 | D:6      | XOM: give mutations
  7665 | D:6      | Lost mutation: You are agile. (Dex +4, Str/Int -1) [Xom's
                  | mischief]
  7665 | D:6      | Lost mutation: Your muscles are very strong. (Str +8,
                  | Int/Dex -2) [Xom's mischief]
  7665 | D:6      | Gained mutation: You are clumsy. (Dex -2) [Xom's mischief]
  7699 | D:6      | Found a bloodstained altar of Trog.
  8049 | D:7      | XOM: 2-stop teleportation journey
  8145 | D:7      | Reached skill level 5 in Spellcasting
  8145 | D:7      | Reached skill level 5 in Conjurations
  8145 | D:7      | Reached skill level 5 in Hexes
  8145 | D:7      | Reached skill level 5 in Summonings
  8145 | D:7      | Reached skill level 5 in Necromancy
  8145 | D:7      | Reached skill level 5 in Translocations
  8145 | D:7      | Reached skill level 5 in Transmutations
  8145 | D:7      | Reached skill level 5 in Fire Magic
  8145 | D:7      | Reached skill level 5 in Ice Magic
  8145 | D:7      | Reached skill level 5 in Air Magic
  8145 | D:7      | Reached skill level 5 in Earth Magic
  8145 | D:7      | Reached skill level 5 in Poison Magic
  8333 | D:7      | Identified the +5 orcbow "Ynups" {freeze, Int-2 Dex+7}
  8407 | D:7      | XOM: confusion (+ monsters)
  8467 | D:7      | XOM: summons 5 hostile demons
  8470 | D:7      | Noticed Pikel
  8544 | D:7      | Killed by miscasting Summon Ice Beast

Illustrated notes

Levels and vault maps discovered:
D:1:      sevenhm_arrival_forest_fort_small_4, layout_basic
D:2:      layout_basic, skrybe_limestone_x, nicolae_underground_beach,
          uniq_natasha
D:3:      layout_basic, gammafunk_ghost_abyssal_escape, uniq_ijyb,
          uniq_crazy_yiuf_cottage
D:4:      layout_rooms, old_standard_altar, minmay_temple_entry_drinking_statues
D:5:      layout_cave_pools, old_standard_altar, minivault_27
D:6:      layout_loops_ring, nzn_hepliaklqana_mist_gate, jmf_multi_god_temple2
D:7:      layout_gridville, nemelex_diamond_rough_becter,
          minmay_fractal_squares_gapless_5, uniq_pikel

Skill      XL: |  1  2  3  4  5  6  7  8  9 |
---------------+----------------------------+-----
Long Blades    | 3 4 |  4.1
Armour         | 2 3 |  3.5
Dodging        | 3 4 |  4.3
Fighting       | 4 5 7 8 |  8.6
Spellcasting   | 1 3 5 |  5.2
Conjurations   | 1 3 5 |  5.2
Hexes          | 1 3 5 |  5.2
Summonings     | 1 3 5 |  5.2
Necromancy     | 1 3 5 |  5.2
Translocations | 1 3 5 |  5.2
Transmutations | 1 3 5 |  5.2
Fire Magic     | 1 3 5 |  5.2
Ice Magic      | 1 3 5 |  5.2
Air Magic      | 1 3 5 |  5.2
Earth Magic    | 1 3 5 |  5.2
Poison Magic   | 1 3 5 |  5.2

Action                     |  1- 3 |  4- 6 |  7- 9 || total
---------------------------+-------+-------+-------++-------
  Melee: Falchion          |    78 |     5 |       ||    83
         Dagger            |       |    74 |    72 ||   146
         Punch             |       |     1 |     2 ||     3
         Morningstar       |       |       |   108 ||   108
   Cast: Sting             |       |    89 |     4 ||    93
         Poisonous Vapours |       |       |   116 ||   116
         Call Imp          |       |       |    15 ||    15
         Summon Ice Beast  |       |       |     5 ||     5
  Evoke: Wand              |       |       |     1 ||     1
    Use: Potion            |       |     6 |       ||     6
         Scroll            |       |     1 |     1 ||     2
   Stab: Confused          |       |     1 |       ||     1
         Distracted        |       |       |     1 ||     1
 Armour: Leather armour    |    66 |    90 |   155 ||   311
  Dodge: Dodged            |    94 |   162 |   291 ||   547

Table legend: (Time is in decaauts)
 A = Elapsed time spent in this place.
 B = Non-inter-level travel time spent in this place.
 C = Inter-level travel time spent in this place.
 D = Time resting spent in this place.
 E = Time spent auto-exploring this place.
 F = Levels seen in this place.
 G = Mean time per level.
                   A        B        C        D        E       F      G
               +--------+--------+--------+--------+--------+-----+--------+
         Total |   8602 |   8431 |    171 |   1218 |   5541 |   7 | 1228.9 |
       Dungeon |   8602 |   8431 |    171 |   1218 |   5541 |   7 | 1228.9 |
               +--------+--------+--------+--------+--------+-----+--------+

Top non-repeatable levels by time:
     D:5: 2025 daAuts
     D:4: 1681 daAuts
     D:6: 1532 daAuts
     D:1: 999 daAuts
     D:3: 937 daAuts
     D:2: 803 daAuts
     D:7: 622 daAuts
